 Dungeon Crawl Stone Soup version 0.26-a0-259-g1effd001a9 (webtiles) character file.

Game seed: 6320746517357067634

28002 drasked the Brawler (level 13, -13/133 HPs)
             Began as a Troll Monk on July 13, 2020.
             Mangled by an azure jelly (42 damage)
             ... on level 6 of the Lair of Beasts.
             The game lasted 01:01:25 (14974 turns).

drasked the Brawler (Troll Monk)                   Turns: 14974, Time: 01:01:26

Health: -13/133    AC: 10    Str: 22    XL:     13   Next: 7%
Magic:  12/12      EV: 20    Int:  6    God:
Gold:   1143       SH:  0    Dex: 16    Spells: 12/12 levels left

rFire    . . .     SeeInvis .     - Unarmed
rCold    . . .     Faith    .   (no shield)
rNeg     . . .     Spirit   .   M - +0 troll leather armour {regenregen}
rPois    +         Reflect  .   H - +1 hat
rElec    .         Harm     .   y - +0 cloak
rCorr    .                      (gloves unavailable)
MR       .....                  (boots unavailable)
Stlth    ++........             Q - amulet of the acrobat
HPRegen  1.12/turn              P - ring of poison resistance {rPois, !d}
MPRegen  0.13/turn              z - +4 ring of evasion

@: no status effects
A: large, unfitting armour, claws 3, fast metabolism 1, regeneration 1, shaggy
fur 1, tough skin 3
a: no special abilities


You were on level 6 of the Lair of Beasts.
You were not hungry.

You visited 4 branches of the dungeon, and saw 18 of its levels.
You also visited: Ossuary.

You collected 1241 gold pieces.
You spent 98 gold pieces at shops.

Inventory:

Hand Weapons
 U - the +7 rapier "Qemieril" {pain, rElec MR+ Dex-4}
   (You found it on level 5 of the Lair of Beasts)

   In the hands of one skilled in necromantic magic, it inflicts extra damage on
   living creatures.
   It affects your dexterity (-4).
   It insulates you from electricity.
   It affects your resistance to hostile enchantments.
Missiles
 B - 3 large rocks {!d!d}
 G - 5 atropa-tipped darts
 I - 44 poisoned darts (quivered)
Armour
 m - a +0 tower shield
   (You bought it in a shop on level 4 of the Dungeon)
 y - a +0 cloak (worn)
   (You bought it in a shop on level 4 of the Dungeon)
 H - a +1 hat (worn)
   (You found it on level 6 of the Dungeon)
 M - a +0 troll leather armour (worn) {regenregen}
   (You found it on level 9 of the Dungeon)
Jewellery
 z - a +4 ring of evasion (right claw)
   (You found it on level 1 of the Dungeon)
 N - an uncursed ring of positive energy {rN+rN+}
   (You found it on level 3 of the Lair of Beasts)
 P - a ring of poison resistance (left claw) {rPois, !d}
   (You found it on level 5 of the Dungeon)
 Q - an amulet of the acrobat (around neck)
   (You found it on level 3 of the Lair of Beasts)
 T - an uncursed amulet of guardian spirit {unknown}
   (You found it on level 5 of the Lair of Beasts)
Wands
 a - a wand of iceblast (3)
   (You found it on level 9 of the Dungeon)
 p - a wand of disintegration (8)
   (You found it on level 3 of the Dungeon)
 D - a wand of digging (5)
   (You found it on level 6 of the Lair of Beasts)
 K - a wand of clouds (1)
   (You found it on level 4 of the Lair of Beasts)
 O - a wand of acid (6)
   (You found it on level 6 of the Lair of Beasts)
 R - a wand of flame (40)
   (You found it on level 5 of the Lair of Beasts)
Scrolls
 c - 2 scrolls of magic mapping {!r!r}
 f - a scroll of fog
 g - a scroll of fear
 i - a scroll of identify
 k - a scroll of enchant weapon {unknown}
 n - 2 scrolls of immolation {!r!r}
 t - 4 scrolls of teleportation
 w - 5 scrolls of remove curse
 x - a scroll of brand weapon {unknown}
 C - 3 scrolls of enchant armour
 E - a scroll of noise {unknown}
 J - 2 scrolls of vulnerability {!r!r!r!r}
 L - a scroll of amnesia
 V - a scroll of acquirement {unknown}
Potions
 b - 6 potions of stabbing
 d - 5 potions of might
 h - 3 potions of haste
 j - 2 potions of flight
 l - 6 potions of heal wounds
 o - 3 potions of berserk rage {!q!q}
 q - 9 potions of curing
 r - 6 potions of lignification {!q!q}
 s - 2 potions of mutation {!q!q}
 u - a potion of ambrosia
 v - a potion of invisibility
 A - a potion of brilliance
 F - a potion of magic
 S - 2 potions of cancellation
Comestibles
 e - 41 rations


   Skills:
 + Level 9.8 Fighting
 + Level 9.6 Dodging
 - Level 1.0 Stealth
 * Level 15.5 Unarmed Combat


You had 12 spell levels left.
You didn't know any spells.
Your spell library contained the following spells:

 Spells                   Type           Power        Failure   Level
 Corona                   Hex            #......      50%         1
 Magic Dart               Conj           #...         50%         1
 Shock                    Conj/Air       #...         50%         1
 Blink                    Tloc           N/A          65%         2
 Call Imp                 Summ           #.......     65%         2
 Ensorcelled Hibernation  Hex/Ice        #.....       65%         2
 Slow                     Hex            #.......     65%         2
 Swiftness                Chrm/Air       #.......     65%         2
 Confusing Touch          Hex            #.......     86%         3
 Conjure Flame            Conj/Fire      #.......     86%         3
 Dazzling Flash           Conj/Hex       #.....       86%         3
 Mephitic Cloud           Conj/Pois/Air  #.......     86%         3
 Static Discharge         Conj/Air       #.......     86%         3
 Tukima's Dance           Hex            #.......     86%         3
 Airstrike                Air            #.........   99%         4
 Lightning Bolt           Conj/Air       #.........   100%        5


Dungeon Overview and Level Annotations

Branches:
Dungeon (10/15)            Temple (1/1) D:7            Lair (6/6) D:10
 Shoals (0/4) Lair:3        Snake (0/4) Lair:2        Slime (1/5) Lair:6
    Orc (0/2) D:10        Ossuary (visited)

Altars:
Ashenzari
Cheibriados
Dithmenos
Elyvilon
Fedhas
Gozag
Hepliaklqana
Kikubaaqudgha
Makhleb
Nemelex Xobeh
Okawaru
Qazlal
Ru
Sif Muna
Trog
Uskayaw
Vehumet
Wu Jian
Xom
Yredelemnul
Zin
The Shining One

Shops:
D:4 [

Annotations:
D:2 Robin
D:3 3 runed translucent doors, DEFE's ghost, amateur DsWn
Lair:2 Fannar; Nergalle


Innate Abilities, Weirdness & Mutations

You are too large for most types of armour.
You have claws for hands.
You have a fast metabolism.
Your natural rate of healing is unusually fast.
You are covered in fur. (AC +1)
You have extremely tough skin. (AC +3)


Message History

No target in view!
I - 44 poisoned darts (gained 1)
The crocodile is too close now for your liking.
A crocodile is nearby!
A crocodile is nearby!
A crocodile is nearby!
Throwing (i - inventory. (/) - cycle)
I - 44 poisoned darts (quivered)
Aim: a crocodile (wandering, hasn't noticed you)
You throw a poisoned dart. The poisoned dart hits the crocodile.
The crocodile is poisoned.
No target in view!
No target in view!
Throwing (i - inventory. (/) - cycle)
I - 43 poisoned darts (quivered)
Aim: a crocodile (moderately wounded, poisoned)
You throw a poisoned dart. The poisoned dart hits the crocodile.
Throwing (i - inventory. (/) - cycle)
I - 42 poisoned darts (quivered)
Aim: a crocodile (moderately wounded, poisoned)
You throw a poisoned dart. The poisoned dart hits the crocodile.
The crocodile looks even sicker.
You barely miss the crocodile. You claw the crocodile.
The crocodile closely misses you.
You mangle the crocodile!!
You kill the crocodile!
No target in view!
I - 42 poisoned darts (gained 1)
I - 43 poisoned darts (gained 1)
I - 44 poisoned darts (gained 1)
You enter the shallow water.
Moving in this stuff is going to be slow.
You eat one of the 42 rations.
That ration really hit the spot!
You see here 21 stones.
You now have 1143 gold pieces (gained 7).
You see here a glowing broad axe.
You enter the shallow water.
Moving in this stuff is going to be slow.
Done exploring.
Done exploring.
Done exploring.
Done exploring.
Unknown command.
Done exploring.
Done exploring.
Done exploring.
You mangle the plant!!
There is a stone staircase leading down here.
You climb downwards.
There is a stone staircase leading up here.
There is a staircase to the Slime Pits here.
You climb downwards.
Welcome back to the Pits of Slime!
This branch is unnaturally silent, and so sound travels much further.
This branch contains the slimy rune of Zot.
A slime creature comes into view.
The slime creature quivers.
The death ooze barely misses you. x2
The azure jelly hits you but does no damage.
The azure jelly hits you! The azure jelly freezes you!!
The azure jelly hits you. x2
A slime creature comes into view.
The death ooze barely misses you. The death ooze misses you.
The azure jelly hits you but does no damage. x3
The azure jelly hits you.
There is a staircase back to the Lair, spattered with blood here.
The slime creature quivers.
You mangle the azure jelly!! The death ooze barely misses you.
The death ooze hits you!!
* * * LOW HITPOINT WARNING * * *
The azure jelly misses you. The azure jelly closely misses you.
The azure jelly hits you but does no damage.
The azure jelly hits you.
* * * LOW HITPOINT WARNING * * *
The death ooze completely misses you. The death ooze barely misses you.
The azure jelly hits you but does no damage.
The azure jelly completely misses you.
The azure jelly hits you but does no damage.
The azure jelly hits you.
* * * LOW HITPOINT WARNING * * *
You climb upwards.
Welcome back to the Lair of Beasts!
There is a staircase to the Slime Pits here.
You scratch the death ooze but do no damage.
You claw the death ooze, but do no damage.
The death ooze hits you!
* * * LOW HITPOINT WARNING * * *
The death ooze misses you.
You claw the death ooze! x2
The azure jelly hits you but does no damage. x2
The azure jelly hits you!
* * * LOW HITPOINT WARNING * * *
The azure jelly misses you.
You scratch the death ooze. You claw the death ooze!! The death ooze hits you!
* * * LOW HITPOINT WARNING * * *
The death ooze misses you. The azure jelly misses you. x2
The azure jelly hits you.
* * * LOW HITPOINT WARNING * * *
The azure jelly completely misses you.
You mangle the death ooze!!
You destroy the death ooze!
The azure jelly hits you!
* * * LOW HITPOINT WARNING * * *
The azure jelly freezes you!!!
You die...

...[.....................####
.........................#
.........................#
........................##
............##....###...P#
............###....##...P#
............#.....#.....##
.................J......P#
................@........#
........................##
.............#....#.#....#
............###...###.P.##
.####.#......##....##...P##
#*##..##.(................#
.##.#.###...P#......P.....#
..#...##....##............#
..P.........##............#


You could see an azure jelly.

Levels and vault maps discovered:
D:1:      lightli_arrival_flooded_house, layout_rooms, serial_rivers,
          chequers_serial_rivers_room_a, chequers_serial_rivers_small_3,
          chequers_serial_rivers_room_b, chequers_serial_rivers_small_3
D:2:      layout_basic, lightli_temple_of_fire, serial_bayou_pond_a,
          uniq_natasha, uniq_robin
D:3:      kennysheep_the_goblin_king, layout_basic, ebering_ghost_gozag,
          minivault_4, wander_ebering_terrifying_dragon_lair
D:4:      layout_loops_cross, lemuel_doored_altar, enter_ossuary_4,
          serial_shops, shop_statue, uniq_pikel, uniq_duvessa
D:5:      layout_basic, marbit_many_paths,
          nicolae_dithmenos_through_a_glass_darkly, first_ration, uniq_eustachio
D:6:      layout_cave_pools
D:7:      layout_cave_pools, kennysheep_little_box,
          chequers_temple_overflow_statue_of_worship,
          minmay_temple_entry_overgrown, serial_undead, serial_undead_b,
          serial_undead_b, serial_undead_e, serial_undead_c
D:8:      layout_cave_pools, eat_drink_and_be_merry_uskayaw, chequers_avenue
D:9:      layout_cave_pools
D:10:     layout_roguey, lair_entry_dummy, minmay_orc_entry_guard_dogs
Temple:   nicolae_temple_x_marks_the_god
Lair:1:   layout_regular_city, nicolae_volcano_entry_two_sided, nzn_random_ring
Lair:2:   layout_cellular_growth, minmay_snake_entry_guardpost_medium,
          beast_lair_carwin_9, uniq_nergalle, uniq_fannar
Lair:3:   layout_roguey, shoals_dummy_entry
Lair:4:   layout_cave_shapes
Lair:5:   layout_small_grid, serial_bayou_shore_a, infiniplex_staircase_pool
Lair:6:   evil_forest, layout_regular_city, minmay_slime_entry_pillars
Slime:1:  layout_caves

Notes
Turn   | Place    | Note
-------+----------+-------------------------------------------
     0 | D:1      | drasked the Troll Monk began the quest for the Orb.
     0 | D:1      | Reached XP level 1. HP: 22/22 MP: 0/0
    22 | D:1      | Identified a +0 club
    66 | D:1      | Identified a +0 club
   111 | D:1      | Identified a +0 whip
   147 | D:1      | Identified a +0 dagger
   250 | D:1      | Reached XP level 2. HP: 27/29 MP: 1/1
   416 | D:1      | Identified a +0 club
   528 | D:1      | Identified a +0 dagger
   533 | D:1      | Reached skill level 4 in Unarmed Combat
   714 | D:2      | Identified a +0 club
   778 | D:2      | Identified a +0 club
   869 | D:2      | Reached XP level 3. HP: 35/36 MP: 2/2
  1060 | D:2      | Noticed Natasha
  1091 | D:2      | Killed Natasha
  1163 | D:2      | Reached XP level 4. HP: 39/44 MP: 3/3
  1182 | D:2      | Identified a +0 spear
  1182 | D:2      | Identified a +0 animal skin
  1182 | D:2      | Identified a +0 helmet
  1182 | D:2      | Noticed Robin
  1182 | D:2      | Identified a +0 club
  1182 | D:2      | Identified a +0 club
  1182 | D:2      | Identified a +0 club
  1182 | D:2      | Identified a +0 dagger
  1182 | D:2      | Identified a +1 dagger of pain
  1207 | D:2      | Noticed Natasha
  1278 | D:2      | Killed Natasha
  1278 | D:2      | Reached skill level 5 in Unarmed Combat
  1329 | D:2      | Identified a +0 dagger
  1581 | D:2      | Found a bloodstained altar of Trog.
  1790 | D:2      | Noticed Natasha
  1797 | D:2      | Killed Natasha
  2262 | D:3      | Reached XP level 5. HP: 52/52 MP: 4/4
  2320 | D:3      | Reached skill level 3 in Fighting
  2421 | D:3      | Identified a +0 club
  2437 | D:3      | Found a runed translucent gate.
  2437 | D:3      | Found a runed translucent gate.
  2437 | D:3      | Found an opulent altar of Gozag.
  2437 | D:3      | Found a runed translucent gate.
  2437 | D:3      | Noticed DEFE's ghost (amateur DsWn)
  2500 | D:3      | Identified a +0 club
  2500 | D:3      | Identified a +0 hunting sling
  2500 | D:3      | Identified a +0 dagger
  2500 | D:3      | Identified a +0 dagger
  2501 | D:3      | Identified a +0 club
  2503 | D:3      | Identified a +0 dagger
  3095 | D:3      | Identified a ring of magical power (You found it on level 3
                  | of the Dungeon)
  3096 | D:3      | Identified a ring of evasion (You found it on level 1 of
                  | the Dungeon)
  3100 | D:3      | Identified 4 scrolls of magic mapping
  3101 | D:3      | Identified 3 scrolls of blinking
  3102 | D:3      | Identified 3 scrolls of identify
  3102 | D:3      | Identified 2 potions of heal wounds
  3103 | D:3      | Identified 2 potions of curing
  3104 | D:3      | Identified 2 potions of flight
  3105 | D:3      | Identified 2 scrolls of enchant armour
  3106 | D:3      | Identified 3 scrolls of immolation
  3107 | D:3      | Identified 2 scrolls of fear
  3111 | D:4      | Identified a +0 whip
  3111 | D:4      | Identified a +0 club
  3111 | D:4      | Identified a +0 ring mail
  3111 | D:4      | Identified a cursed -1 dagger
  3112 | D:4      | Identified a +0 war axe
  3177 | D:4      | Found Ceuzir's Armour Shop.
  3187 | D:4      | Bought a +0 cloak for 49 gold pieces
  3187 | D:4      | Bought a +0 tower shield for 49 gold pieces
  3226 | D:4      | Identified a +0 whip of electrocution
  3226 | D:4      | Identified a +0 robe
  3226 | D:4      | Noticed Pikel
  3226 | D:4      | Noticed a lemure
  3226 | D:4      | Identified a +0 trident
  3226 | D:4      | Identified a +2 leather armour of poison resistance
  3226 | D:4      | Identified a +0 war axe
  3226 | D:4      | Noticed a lemure
  3239 | D:4      | Noticed a lemure
  3239 | D:4      | Noticed a lemure
  3249 | D:3      | HP: 3/53 [Pikel/+0 whip of electrocution (13)]
  3257 | D:3      | Killed Pikel
  3257 | D:3      | Reached skill level 4 in Fighting
  3257 | D:3      | Reached skill level 3 in Dodging
  3257 | D:3      | Reached skill level 7 in Unarmed Combat
  3257 | D:3      | Reached XP level 6. HP: 22/62 MP: 5/5
  3257 | D:3      | Reached XP level 7. HP: 25/70 MP: 6/6
  3338 | D:4      | Identified a +0 dagger
  3338 | D:4      | Identified a +0 robe
  3340 | D:4      | Identified a +0 whip
  3340 | D:4      | Identified a +0 leather armour
  3342 | D:4      | Identified a +0 dagger
  3342 | D:4      | Identified a +0 robe
  3358 | D:4      | Identified a +0 ring mail
  3364 | D:4      | Identified a +0 whip
  3366 | D:4      | Identified a +0 short sword
  3366 | D:4      | Identified a +0 leather armour
  3366 | D:4      | Noticed Duvessa
  3377 | D:4      | Identified a +0 dagger
  3377 | D:4      | Identified a +0 robe
  3377 | D:4      | Noticed Dowan
  3381 | D:4      | Killed Duvessa
  3399 | D:4      | Killed Dowan
  3419 | D:4      | Identified a +0 falchion
  3422 | D:4      | Reached skill level 4 in Dodging
  3422 | D:4      | Reached XP level 8. HP: 60/79 MP: 7/7
  3446 | D:4      | Found a sand-covered staircase.
  3453 | Ossuary  | Entered an ossuary
  3502 | Ossuary  | Reached skill level 8 in Unarmed Combat
  3797 | D:4      | Identified 4 potions of lignification
  3949 | D:4      | Found a hazy altar of Hepliaklqana.
  4187 | D:4      | Identified a +0 giant club
  4341 | D:5      | Entered Level 5 of the Dungeon
  4570 | D:5      | Identified a +0 whip
  4571 | D:5      | Identified a +0 spear
  4573 | D:5      | Identified a +1 spear of freezing
  4722 | D:5      | Reached skill level 5 in Fighting
  4859 | D:5      | Reached skill level 9 in Unarmed Combat
  4896 | D:5      | Found a shadowy altar of Dithmenos.
  5199 | D:5      | Identified a +1 rapier of electrocution
  5199 | D:5      | Identified a +0 leather armour
  5199 | D:5      | Noticed Eustachio
  5212 | D:5      | Killed Eustachio
  5214 | D:5      | Identified a ring of poison resistance (You found it on
                  | level 5 of the Dungeon)
  5215 | D:5      | Identified 4 scrolls of teleportation
  5216 | D:5      | Identified 4 scrolls of remove curse
  5280 | D:5      | Found an opulent altar of Gozag.
  5420 | D:6      | Identified a +0 shortbow
  5420 | D:6      | Identified a cursed +0 dagger
  5420 | D:6      | Identified a +0 ring mail
  5423 | D:6      | Identified a +0 flail
  5423 | D:6      | Identified a +0 leather armour
  5426 | D:6      | Identified a +0 mace
  5426 | D:6      | Identified a +0 chain mail
  5427 | D:6      | Identified a +0 falchion
  5429 | D:6      | Identified a +0 dagger
  5429 | D:6      | Identified a +0 robe
  5440 | D:6      | Identified a +0 club
  5440 | D:6      | Identified a +0 leather armour
  5453 | D:6      | Reached skill level 5 in Dodging
  5454 | D:6      | Reached XP level 9. HP: 63/88 MP: 8/8
  5569 | D:6      | Identified a +0 flail
  5569 | D:6      | Identified a +0 leather armour
  5603 | D:6      | Identified a +0 hand axe
  5766 | D:6      | Identified a +0 dagger
  5766 | D:6      | Identified a +0 robe
  5768 | D:6      | Identified a +0 dagger
  5768 | D:6      | Identified a +0 robe
  5774 | D:6      | Identified a +0 hand axe
  5774 | D:6      | Identified a +0 dagger
  5775 | D:6      | Identified a +0 flail
  5810 | D:6      | Identified a +0 shortbow
  6180 | D:7      | Reached skill level 10 in Unarmed Combat
  6186 | D:7      | Identified a +1 hat (You found it on level 6 of the
                  | Dungeon)
  6249 | D:7      | Found a glowing silver altar of Zin.
  6250 | D:7      | Found a snail-covered altar of Cheibriados.
  6250 | D:7      | Found a sparkling altar of Nemelex Xobeh.
  6251 | D:7      | Found an iron altar of Okawaru.
  6255 | D:7      | Found a staircase to the Ecumenical Temple.
  6261 | D:7      | Identified a +0 whip
  6263 | D:7      | Identified a +0 club
  6263 | D:7      | Identified a +0 whip
  6270 | D:7      | Identified a +0 whip
  6273 | D:7      | Identified a +0 club
  6278 | D:7      | Identified a +0 dagger
  6278 | D:7      | Identified a +0 ring mail
  6420 | D:7      | Reached skill level 6 in Fighting
  6494 | D:7      | Found a basalt altar of Yredelemnul.
  6619 | D:7      | Identified a +0 flail
  6619 | D:7      | Identified a +0 robe
  6638 | D:7      | Identified a +0 flail
  6638 | D:7      | Identified a +0 robe
  6770 | Temple   | Entered the Ecumenical Temple
  6833 | D:7      | Identified a ring of dexterity (You found it on level 7 of
                  | the Dungeon)
  6864 | D:8      | Reached skill level 6 in Dodging
  6873 | D:8      | Found a hide-covered altar of Uskayaw.
  6876 | D:8      | Identified a +0 club
  6880 | D:8      | Identified a +0 short sword
  7042 | D:8      | You fall into a shaft and drop 2 floors!
  7042 | D:10     | Entered Level 10 of the Dungeon
  7148 | D:8      | Identified a +0 giant club
  7251 | D:8      | Identified a +0 dagger of flaming
  7251 | D:8      | Identified a +0 robe
  7253 | D:8      | Identified a +0 club
  7253 | D:8      | Identified a +0 leather armour
  7259 | D:8      | Identified a +0 trident
  7260 | D:8      | Identified a +0 giant club
  7260 | D:8      | Identified a +0 vorpal dire flail
  7260 | D:8      | Noticed a two-headed ogre
  7261 | D:8      | Identified a +0 short sword
  7261 | D:8      | Identified a +0 chain mail
  7262 | D:8      | Reached XP level 10. HP: 88/100 MP: 9/9
  7311 | D:8      | Reached skill level 11 in Unarmed Combat
  7374 | D:8      | Killed a two-headed ogre
  7718 | D:9      | Identified a +0 shortbow
  7795 | D:9      | Identified a +0 dagger
  7795 | D:9      | Identified a +0 robe
  7795 | D:9      | Identified a +0 club
  7848 | D:9      | Identified a +0 mace
  7849 | D:9      | Identified a +0 club
  7855 | D:9      | Identified a +0 club
  7855 | D:9      | Identified a +0 leather armour
  7864 | D:9      | Identified a +0 troll leather armour
  7864 | D:9      | Reached skill level 7 in Fighting
  7889 | D:9      | Identified a +0 glaive of venom
  7889 | D:9      | Identified a +0 plate armour
  7900 | D:9      | Identified a +0 dagger
  7902 | D:9      | Identified a +0 hand axe
  8260 | D:9      | Identified a ring of intelligence (You found it on level 8
                  | of the Dungeon)
  8268 | D:9      | Identified 2 scrolls of amnesia
  8271 | D:9      | Identified 4 potions of stabbing
  8272 | D:9      | Identified a potion of invisibility
  8273 | D:9      | Identified a potion of brilliance
  8274 | D:9      | Identified a potion of mutation
  8291 | D:10     | Identified a +0 dagger
  8291 | D:10     | Identified a +0 robe
  8292 | D:10     | Identified a +0 mace
  8324 | D:10     | Found a staircase to the Orcish Mines.
  8337 | D:10     | Reached skill level 12 in Unarmed Combat
  8406 | D:10     | Identified a +0 giant spiked club
  8406 | D:10     | Identified a +0 giant club
  8406 | D:10     | Noticed a two-headed ogre
  8421 | D:10     | Killed a two-headed ogre
  8421 | D:10     | Reached skill level 7 in Dodging
  8448 | D:10     | Identified a +0 battleaxe
  8448 | D:10     | Identified a +0 chain mail
  8448 | D:10     | Identified a +0 mace
  8448 | D:10     | Identified a +0 whip
  8448 | D:10     | Identified a +0 dagger of protection
  8448 | D:10     | Identified a +0 robe of cold resistance
  8508 | D:10     | Found a staircase to the Lair.
  8572 | Lair:1   | Entered Level 1 of the Lair of Beasts
  8592 | Lair:1   | Noticed a cane toad
  8599 | Lair:1   | Killed a cane toad
  8666 | Lair:1   | Reached XP level 11. HP: 109/109 MP: 10/10
  8675 | Lair:1   | Noticed a five-headed hydra
  8739 | Lair:2   | Identified a +0 dire flail
  8912 | Lair:2   | Identified a +0 dagger of venom
  8912 | Lair:2   | Identified a +0 robe
  8912 | Lair:2   | Noticed Nergalle
  8992 | Lair:2   | Reached skill level 13 in Unarmed Combat
  9002 | Lair:2   | Identified a +0 quarterstaff of freezing
  9002 | Lair:2   | Identified a +1 robe of cold resistance
  9002 | Lair:2   | Identified an uncursed ring of ice
  9002 | Lair:2   | Noticed Fannar
  9035 | Lair:2   | Reached skill level 8 in Fighting
  9212 | Lair:3   | Found a staircase to the Shoals.
  9236 | Lair:3   | Reached skill level 8 in Dodging
  9645 | Lair:4   | Reached skill level 14 in Unarmed Combat
  9645 | Lair:4   | Reached XP level 12. HP: 109/122 MP: 11/11
  9697 | Lair:6   | Entered Level 6 of the Lair of Beasts
  9726 | Lair:6   | Found a staircase to the Slime Pits.
  9865 | Slime:1  | Entered Level 1 of the Pits of Slime
  9865 | Slime:1  | Noticed an azure jelly
  9865 | Slime:1  | Noticed a death ooze
  9950 | Lair:6   | Reached skill level 9 in Fighting
 10015 | Lair:6   | Noticed a six-headed hydra
 10026 | Lair:6   | HP: 19/123 [six-headed hydra (12)]
 10026 | Lair:6   | HP: 8/123 [six-headed hydra (11)]
 10122 | Lair:5   | Noticed a four-headed hydra
 10143 | Lair:5   | HP: 22/123 [five-headed hydra (10)]
 10245 | Lair:4   | Identified 2 potions of degeneration
 11661 | Lair:2   | Identified a +0 trident
 11666 | Lair:2   | Identified a +0 glaive
 11666 | Lair:2   | Identified a +0 robe
 11680 | Lair:2   | Reached skill level 9 in Dodging
 12060 | Lair:1   | Noticed an eight-headed hydra
 12151 | D:10     | Identified an uncursed amulet of the acrobat (You found it
                  | on level 3 of the Lair of Beasts)
 12152 | D:10     | Identified a ring of positive energy (You found it on level
                  | 3 of the Lair of Beasts)
 12155 | D:10     | Identified 2 scrolls of fog
 12156 | D:10     | Identified 2 scrolls of vulnerability
 12160 | D:10     | Identified 3 potions of berserk rage
 12161 | D:10     | Identified a potion of magic
 12162 | D:10     | Identified a potion of ambrosia
 12170 | D:10     | Identified a +4 dire flail
 12170 | D:10     | Identified a +0 robe
 12170 | D:10     | Identified a +0 spear
 12170 | D:10     | Identified a +0 robe
 12174 | D:10     | Identified a +0 hand axe
 12174 | D:10     | Identified a +0 robe
 12254 | D:10     | Identified a +0 short sword
 12254 | D:10     | Identified a +0 dagger
 12255 | D:10     | Identified a +0 dagger
 12277 | D:10     | Identified a cursed +0 short sword
 12277 | D:10     | Identified a +0 robe
 12277 | D:10     | Identified a +0 short sword
 12277 | D:10     | Identified a +0 robe
 12277 | D:10     | Identified a +0 scimitar
 12277 | D:10     | Identified a +0 robe
 12277 | D:10     | Identified a +3 falchion of freezing
 12277 | D:10     | Identified a +0 robe
 12707 | Lair:1   | HP: 27/123 [12-headed hydra (4)]
 12718 | Lair:1   | HP: 30/123 [12-headed hydra (2)]
 12733 | Lair:1   | HP: 23/123 [12-headed hydra (8)]
 12827 | D:10     | Identified a potion of cancellation
 12977 | Lair:2   | Found a staircase to the Snake Pit.
 12982 | Lair:2   | Identified a +0 battleaxe
 12982 | Lair:2   | Identified a +0 robe
 13081 | Lair:5   | Reached skill level 15 in Unarmed Combat
 13704 | Lair:5   | Killed a five-headed hydra
 13953 | Lair:6   | Identified a +0 dagger
 13953 | Lair:6   | Identified a +0 robe
 13961 | Lair:6   | Found a burning altar of Makhleb.
 13998 | Lair:6   | Noticed a hell beast
 14034 | Lair:6   | HP: 31/126 [hell beast (3)]
 14042 | Lair:6   | HP: 26/126 [hell beast (2)]
 14050 | Lair:6   | HP: 29/126 [hell beast (3)]
 14087 | Lair:6   | HP: 29/126 [hell beast (23)]
 14295 | Lair:5   | Reached XP level 13. HP: 132/132 MP: 12/12
 14297 | Lair:5   | Got a fine rapier
 14338 | Lair:5   | Identified the +7 rapier "Qemieril" {pain, rElec MR+ Dex-4}
                  | (You found it on level 5 of the Lair of Beasts)
 14974 | Lair:6   | Killed a death ooze
 14974 | Lair:6   | HP: 29/133 [azure jelly (7)]
 14974 | Lair:6   | Mangled by an azure jelly

Table legend:
 A = Turns spent in this place as a percentage of turns spent in the entire game.
 B = Non-inter-level travel turns spent in this place as a percentage of non-inter-level travel turns spent in the entire game.
 C = Inter-level travel turns spent in this place as a percentage of turns spent in this place.
 D = Turns resting spent in this place as a percentage of non-inter-level travel turns spent in this place.
 E = Turns spent auto-exploring this place as a percentage of non-inter-level travel turns spent in this place.
 F = Non-inter-level travel turns spent in this place divided by the number of levels of this place that you've seen.
                   A       B       C       D       E      F
               +-------+-------+-------+-------+-------+----------------------
         Total | 100.0 | 100.0 |   2.6 |   6.8 |  53.1 | 768.0
       Dungeon |  58.6 |  58.5 |   2.7 |   6.0 |  65.4 | 853.9
        Temple |   0.4 |   0.4 |  11.7 |   0.0 |  96.2 |  53.0
          Lair |  38.7 |  38.8 |   2.4 |   7.3 |  34.8 | 942.5
    Slime Pits |   0.0 |   0.0 |   0.0 |   0.0 |   0.0 |   5.0
       Ossuary |   2.3 |   2.3 |   0.0 |  19.7 |  41.8 | 340.0
               +-------+-------+-------+-------+-------+----------------------

Table legend:
 A = Kills in this place as a percentage of kills in entire the game.
 B = Kills by you in this place as a percentage of kills by you in the entire game.
 C = Kills by friends in this place as a percentage of kills by friends in the entire game.
 D = Other kills in this place as a percentage of other kills in the entire game.
 E = Experience gained in this place as a percentage of experience gained in the entire game.
 F = Experience gained in this place divided by the number of levels of this place that you have seen.
                   A       B       C       D       E      F
               +-------+-------+-------+-------+-------+----------------------
         Total | 100.0 | 100.0 | 100.0 |   N/A | 100.0 | 2105.4
       Dungeon |  65.2 |  65.4 |   0.0 |   N/A |  27.7 | 1108.0
          Lair |  30.4 |  30.2 | 100.0 |   N/A |  71.8 | 4790.3
       Ossuary |   4.3 |   4.4 |   0.0 |   N/A |   0.5 | 181.0
               +-------+-------+-------+-------+-------+----------------------

Skill      XL: |  1  2  3  4  5  6  7  8  9 10 11 12 |
---------------+-------------------------------------+-----
Unarmed Combat | 4 5 7 9 10 12 14 15 | 15.5
Fighting       | 4 5 6 7 8 9 |  9.8
Dodging        | 3 4 5 6 7 8 9 |  9.6
Stealth        | |  1.0

Action                   |  1- 3 |  4- 6 |  7- 9 | 10-12 | 13-15 || total
-------------------------+-------+-------+-------+-------+-------++-------
Melee: Unarmed           |    58 |   121 |   350 |   639 |    17 ||  1185
       Punch             |       |     1 |    16 |    45 |     4 ||    66
Throw: Stone             |    67 |    67 |   134 |       |       ||   268
       Dart              |       |       |    72 |   127 |     6 ||   205
       Large rock        |       |       |       |     4 |       ||     4
Evoke: Wand              |       |     1 |     1 |    46 |       ||    48
  Use: Scroll            |       |     9 |     3 |    20 |       ||    32
       Potion            |       |     1 |       |     2 |       ||     3
 Stab: Distracted        |       |       |       |     1 |       ||     1
  Eat: Ration            |     1 |     2 |     5 |     8 |     1 ||    17
Armor: Robe              |    12 |    40 |    77 |    17 |       ||   146
       Troll leather arm |       |       |       |   166 |     9 ||   175
Dodge: Dodged            |    33 |    83 |   243 |   908 |    22 ||  1289

Vanquished Creatures
  A death ooze (Lair:6)
  A hydra (Lair:5)
  2 two-headed ogres
  Pikel (D:3)
  A wizard (Lair:6)
  4 black mambas
  2 orange demons (Lair:6)
  17 cane toads
  3 rime drakes
  7 komodo dragons
  An ice devil (Lair:6)
  A troll (D:9)
  A polar bear (Lair:4)
  A blink frog (Lair:6)
  3 slime creatures (Lair:6)
  6 hippogriffs
  2 wyverns (Lair:4)
  28 yaks
  Eustachio (D:5)
  3 basilisks
  4 wargs (D:10)
  10 water moccasins
  Duvessa (D:4)
  4 nagas (Lair:2)
  2 hell hounds (Lair:6)
  2 porcupines (Lair:3)
  2 orc warriors
  2 ogres
  3 phantoms
  5 wolves
  3 centaurs
  2 necrophages (D:7)
  8 crocodiles
  3 big kobolds
  11 bullfrogs
  Dowan (D:4)
  2 scorpions
  4 killer bees (D:9)
  5 howler monkeys
  9 wights
  A centaur zombie (D:7)
  4 bullfrog zombies
  A jelly (Lair:6)
  2 hounds
  9 orc priests
  9 orc wizards
  4 iguanas
  Natasha (thrice) (D:2)
  6 worker ants
  A big kobold zombie (Ossuary)
  2 hound skeletons
  10 mummies
  2 worker ant zombies
  3 gnolls (D:5)
  13 adders
  4 shadow imps
  2 white imps
  2 ufetubi
  4 worms
  5 leopard geckos
  24 orcs
  3 giant cockroaches
  13 goblins
  13 hobgoblins
  3 jackals (D:5)
  3 quokkas
  4 ball pythons
  9 bats
  7 frilled lizards
  2 goblin zombies (D:4)
  17 kobolds
  3 kobold zombies (Ossuary)
  A leopard gecko zombie (D:8)
  4 orc zombies (Ossuary)
  5 rats
367 creatures vanquished.

Vanquished Creatures (collateral kills)
  A cane toad (Lair:6)
1 creature vanquished.

Vanquished Creatures (others)
  4 fungi
  4 plants (Lair:2)
8 creatures vanquished.

Grand Total: 376 creatures vanquished
